 Dungeon Crawl Stone Soup version 0.31-a0-473-g61b50ae490 (webtiles) character file.

Game seed: 343186872589296857

288 Fodor the Covered (level 6, -6/56 HPs)
             Began as a Minotaur Fighter on Aug 6, 2023.
             Mangled by Duvessa
             ... wielding a +0 rapier
              (18 damage)
             ... on level 4 of the Dungeon on Aug 7, 2023.
             The game lasted 00:18:00 (2689 turns).

Fodor the Covered (Minotaur Fighter)                Turns: 2689, Time: 00:18:00

Health: -6/56      AC: 12    Str: 26    XL:     6   Next: 9%
Magic:  5/5        EV: 12    Int:  4    God:
Gold:   128        SH:  4    Dex:  9    Spells: 5/5 levels left

rFire   + + .        a - +0 long sword
rCold   . . .        c - +0 buckler
rNeg    . . .        b - +0 plate armour
rPois   .            (helmet restricted)
rElec   .            (no cloak)
rCorr   .            (no gloves)
SInv    .            (no boots)
Will    .....        l - amulet of regeneration Stlth
                     n - ring of protection from fire
HPRegen 1.09/turn    i - +5 ring of evasion
MPRegen 0.09/turn

%: no passive effects
@: no status effects
A: horns 2, retaliatory headbutt, fire resistance 1, strong 1, wild magic 1
a: no special abilities


You were on level 4 of the Dungeon.
You visited 1 branch of the dungeon, and saw 4 of its levels.

You collected 128 gold pieces.

Inventory:

Hand Weapons
 a - a +0 long sword (weapon)
Missiles
 o - 3 poisoned darts
 t - 2 atropa-tipped darts
Armour
 b - a +0 plate armour (worn)
 c - a +0 buckler (worn)
Jewellery
 i - a +5 ring of evasion (right hand)
 l - an amulet of regeneration (around neck)
 n - a ring of protection from fire (left hand)
 u - an amulet of faith
Talismans
 m - a talisman of death
 q - a beast talisman
Wands
 s - a wand of flame (6)
Scrolls
 e - 2 scrolls of fog {unknown}
 f - a scroll of butterflies {unknown}
 g - 2 scrolls of immolation {unknown}
 h - 4 scrolls of identify {unknown}
 r - a scroll of torment {unknown}
 v - a scroll of enchant armour {unknown}
 x - a scroll of teleportation {unknown}
 y - a scroll of enchant weapon {unknown}
Potions
 d - 2 potions of might
 j - a potion of attraction {unknown}
 k - a potion of mutation
 p - a potion of lignification {unknown}
 w - a potion of enlightenment {unknown}


   Skills:
 + Level 5.1 Fighting
 + Level 4.5 Long Blades
 + Level 0.9 Throwing
 + Level 5.4 Armour
 + Level 0.5 Dodging
 + Level 4.4 Shields


You had 5 spell levels left.
You didn't know any spells.
Your spell library contained the following spells:

 Spells                   Type           Power      Damage    Failure   Level
 Sublimation of Blood     Necr           0%         N/A       100%        2
 Wereblood                Tmut           0%         N/A       100%        2
 Gell's Gravitas          Tloc           0%         N/A       100%        3
 Portal Projectile        Hex/Tloc       0%         N/A       100%        3
 Teleport Other           Tloc           0%         N/A       100%        3
 Tukima's Dance           Hex            0%         N/A       100%        3
 Iskenderun's Mystic Bla  Conj/Tloc      0%         2d3       100%        4
 Dispersal                Tloc           0%         N/A       100%        6
 Summon Hydra             Summ           0%         N/A       100%        7


Dungeon Overview and Level Annotations

Branches:
Dungeon (4/15)
 Temple: D:4-7

Altars:
Cheibriados
Kikubaaqudgha
Qazlal

Annotations:
D:4 Duvessa


Innate Abilities, Weirdness & Mutations

You have a pair of horns on your head.
You reflexively headbutt those who attack you in melee.
Your flesh is heat resistant. (rF+)
Your muscles are strong. (Str +4, Int/Dex -1)
Your spells are a little harder to cast, but a little more powerful.


Message History

You hit Duvessa but do no damage. You closely miss Dowan.
You block Duvessa's attack. Dowan barely misses you.
You slash Dowan! You headbutt Dowan.
Dowan is severely wounded.
Duvessa hits you with a +0 rapier. Dowan hits you but does no damage.
Duvessa hits you but does no damage. Dowan hits you with a +0 dagger.
You hit Dowan but do no damage. You headbutt Dowan!
Dowan is almost dead.
Duvessa hits you but does no damage. You block Dowan's attack.
You hit Dowan.
You kill Dowan!
Duvessa screams in rage.
Duvessa goes berserk!
Duvessa closely misses you. Duvessa hits you with a +0 rapier!
Your Fighting skill increases to level 5!
You have reached level 6!
You barely miss Duvessa. Duvessa hits you with a +0 rapier.
You hit Duvessa.
Duvessa is lightly wounded.
Duvessa misses you. Duvessa hits you with a +0 rapier.
You hit Duvessa. Your headbutt misses Duvessa.
Duvessa is lightly wounded.
Duvessa hits you with a +0 rapier! x2
You hit Duvessa but do no damage. You headbutt Duvessa!
Duvessa is moderately wounded.
You block Duvessa's attack. Duvessa hits you with a +0 rapier.
You barely miss Duvessa. You headbutt Duvessa!
Duvessa is moderately wounded.
Duvessa hits you with a +0 rapier.
* * * LOW HITPOINT WARNING * * *
Duvessa barely misses you.
You hit Duvessa but do no damage.
Duvessa is moderately wounded.
Duvessa closely misses you. Duvessa hits you with a +0 rapier.
* * * LOW HITPOINT WARNING * * *
It was a potion of mutation.
You feel extremely strange.
You feel less in control of your magic.
You feel resistant to heat.
You feel stronger. Duvessa hits you with a +0 rapier!!
You die...

#### ....# ....#
.....# ## ###.....#
... #@).....# ....
#e###+######## .....
#.#<..........
......#'##>........$
............)#######
|..........#)#
###........#)#
#........#.#
#........#.#


You could see Duvessa (berserk).

Vanquished Creatures
  A scorpion (D:4)
  Dowan (D:4)
  An orc wizard (D:3)
  3 gnolls (D:4)
  6 adders
  A worm (D:2)
  A dart slug (D:1)
  3 orcs (D:3)
  10 ball pythons
  7 bats
  10 endoplasms
  2 giant cockroaches
  2 goblins
  5 hobgoblins
  3 quokkas
  5 frilled lizards
  5 kobolds
  6 rats
72 creatures vanquished.

Notes
Turn   | Place    | Note
-------+----------+-------------------------------------------
     0 | D:1      | Fodor the Minotaur Fighter began the quest for the Orb.
     0 | D:1      | Reached XP level 1. HP: 19/19 MP: 0/0
   220 | D:1      | Reached XP level 2. HP: 27/27 MP: 1/1
   283 | D:1      | Found a faded altar of an unknown god.
   887 | D:2      | Reached XP level 3. HP: 33/33 MP: 2/2
  2011 | D:3      | Reached XP level 4. HP: 31/40 MP: 3/3
  2141 | D:3      | Found a snail-covered altar of Cheibriados.
  2145 | D:3      | Reached skill level 5 in Armour
  2308 | D:3      | Found an ancient bone altar of Kikubaaqudgha.
  2318 | D:3      | Reached XP level 5. HP: 47/47 MP: 4/4
  2422 | D:3      | Found a stormy altar of Qazlal.
  2674 | D:4      | Noticed Duvessa
  2674 | D:4      | Noticed Dowan
  2682 | D:4      | Killed Dowan
  2683 | D:4      | Reached skill level 5 in Fighting
  2683 | D:4      | Reached XP level 6. HP: 37/56 MP: 5/5
  2689 | D:4      | Gained mutation: Your spells are a little harder to cast,
                  | but a little more powerful. [potion of mutation]
  2689 | D:4      | Gained mutation: Your flesh is heat resistant. (rF+)
                  | [potion of mutation]
  2689 | D:4      | Gained mutation: Your muscles are strong. (Str +4, Int/Dex
                  | -1) [potion of mutation]
  2689 | D:4      | Mangled by Duvessa

Illustrated notes

Levels and vault maps discovered:
D:1:      lemuel_arrival_cross, layout_loops_ring,
          hellmonk_ecumenical_altar_run_dry, minmay_pentomino_z2
D:2:      layout_loops_ring, grunt_decor_fettered
D:3:      layout_rooms, nicolae_qazlal_general_emergency,
          nicolae_kikubaaqudgha_miasma_corner, cheibriados_altar_1,
          minmay_shallow_snake_nest
D:4:      layout_basic, elyvilon_altar_5, minmay_quantized, uniq_duvessa,
          uniq_blork_the_orc

Skill      XL: |  1  2  3  4  5 |
---------------+----------------+-----
Fighting       | 4 5 |  5.1
Shields        | 4 |  4.4
Armour         | 4 5 |  5.4
Long Blades    | 3 4 |  4.5
Throwing       | |  0.9
Dodging        | |  0.5

Action                     |  1- 3 |  4- 6 || total
---------------------------+-------+-------++-------
  Melee: Long sword        |    91 |    95 ||   186
         Headbutt          |    11 |    13 ||    24
  Throw: Dart              |       |    10 ||    10
    Use: Potion            |       |     1 ||     1
 Armour: Scale mail        |    16 |       ||    16
         Plate armour      |    68 |   133 ||   201
  Dodge: Dodged            |    36 |    66 ||   102
  Block: Buckler           |    19 |    28 ||    47

Table legend: (Time is in decaauts)
 A = Elapsed time spent in this place.
 B = Non-inter-level travel time spent in this place.
 C = Inter-level travel time spent in this place.
 D = Time resting spent in this place.
 E = Time spent auto-exploring this place.
 F = Levels seen in this place.
 G = Mean time per level.
                   A        B        C        D        E       F      G
               +--------+--------+--------+--------+--------+-----+--------+
         Total |   2737 |   2679 |     58 |    323 |      0 |   4 |  684.2 |
       Dungeon |   2737 |   2679 |     58 |    323 |      0 |   4 |  684.2 |
               +--------+--------+--------+--------+--------+-----+--------+

Top non-repeatable levels by time:
     D:2: 1142 daAuts
     D:1: 870 daAuts
     D:3: 652 daAuts
     D:4: 72 daAuts
